 Dungeon Crawl Stone Soup version 0.17-a0-2215-g49c1de0 (webtiles) character file.

158 hexophile the Ruffian (level 5, -1/50 HPs)
             Began as a Troll Monk on Oct 27, 2015.
             Was a Follower of Ru.
             Slain by a killer bee (8 damage)
             ... on level 5 of the Dungeon.
             The game lasted 00:02:33 (1566 turns).

hexophile the Ruffian (Troll Monk)                  Turns: 1566, Time: 00:02:33

Health: -1/50      AC:  5    Str: 25    XL:     5   Next: 16%
Magic:  4/4        EV: 10    Int:  6    God:    Ru [*.....]
Gold:   46         SH:  0    Dex: 12    Spells: 0 memorised, 4 levels left

rFire  . . .     SeeInvis .       - Unarmed
rCold  . . .     Clarity  .     a - +0 robe
rNeg   . . .     SustAt   .     (no shield)
rPois  .         Gourm    +     (helmet restricted)
rElec  .         Spirit   .     (no cloak)
rCorr  .         Warding  .     (gloves unavailable)
rMut   .         Stasis   .     (boots unavailable)
MR     .....                    (no amulet)
Stlth  +.........               (no ring)
                                (no ring)

@: mighty, lethally poisoned (-1 -> -11), very slightly contaminated, hasted,
very quick, not resistant to hostile enchantments, very unstealthy
A: unfitting armour, claws 3, fast metabolism 3, gourmand, regeneration 2,
shaggy fur 1, tough skin 2, missing an eye
a: Renounce Religion


You were on level 5 of the Dungeon.
You worshipped Ru.
Ru was aware of your devotion.
You were very full.

You visited 1 branch of the dungeon, and saw 4 of its levels.

You collected 46 gold pieces.


Innate Abilities, Weirdness & Mutations

You are too large for most types of armour.
You have claws for hands.
Your metabolism is lightning-fast.
You like to eat raw meat.
You heal very quickly.
You are covered in fur (AC +1).
You have very tough skin (AC +2).
You are missing an eye, making it more difficult to aim.

Inventory:

Armour
 a - a +0 robe (worn)
Scrolls
 c - a scroll of magic mapping {unknown}
 d - 2 scrolls of enchant armour {unknown}
 f - a scroll of teleportation {unknown}
 i - a scroll of remove curse {unknown}
 l - 2 scrolls of identify {unknown}
 n - a scroll of fog {unknown}
Comestibles
 b - 7 bread rations
 g - a fruit
 k - 2 beef jerkies
 o - a meat ration


You had 4 spell levels left.
You didn't know any spells.


   Skills:
 - Level 2.4 Fighting
 - Level 2.4 Dodging
 - Level 1.1 Stealth
 + Level 6.5 Unarmed Combat

Dungeon Overview and Level Annotations

Branches:
Dungeon (5/15)
 Temple: D:4-7

Altars:
Elyvilon
Gozag
Nemelex Xobeh
Ru

Annotations:
D:5 1 runed door

Vault maps used:
D:1:      roderic_dead_forest
D:2:      grunt_temple_overflow_opulence, lemuel_crystal_altar,
          patterned_corridor
D:3:      evilmike_ruin_ashenzari, old_standard_altar
D:5:      lemuel_insect_pit, first_bread, nicolae_elemental_shop, uniq_grinder
You       could see a worker ant and a killer bee.


Message History

The killer bee stings you but does no damage.
You completely miss the killer bee. Your claw misses the killer bee.
The killer bee barely misses you.
You miss the killer bee.
You feel sick. The killer bee stings you.
* * * LOW HITPOINT WARNING * * *
The killer bee stings you!
* * * LOW HITPOINT WARNING * * *
You take 14 damage, and have 4/50 hp.
MASSIVE DAMAGE!!
Drink which item? (? for menu, Esc to quit)
You feel better. The killer bee stings you.
* * * LOW HITPOINT WARNING * * *
You regained 8 hp, and now have 12/50 hp.
You barely miss the killer bee. The killer bee stings you.
* * * LOW HITPOINT WARNING * * *
You are poisoned.
The killer bee poisons you!
You take 2 damage, and have 10/50 hp.
Drink which item? (? for menu, Esc to quit)
It was a potion of heal wounds.
You feel much better.
You feel sick. The killer bee stings you.
You regained 24 hp, and now have 34/50 hp.
You completely miss the killer bee.
You feel sick. The killer bee stings you! The killer bee stings you.
You take 10 damage, and have 24/50 hp.
You miss the killer bee. The killer bee barely misses you.
You closely miss the killer bee.
The killer bee stings you but does no damage.
Unknown command.
Drink which item? (? for menu, Esc to quit)
It was a potion of might.
You feel very mighty all of a sudden.
You feel sick. The killer bee stings you!
* * * LOW HITPOINT WARNING * * *
You are more poisoned.
The killer bee poisons you!
You take 7 damage, and have 17/50 hp.
You claw the killer bee!
The killer bee is almost dead.
You feel sick.
The killer bee stings you but does no damage.
The killer bee stings you!
* * * LOW HITPOINT WARNING * * *
You are lethally poisoned!
The killer bee poisons you!
You take 9 damage, and have 8/50 hp.
You closely miss the killer bee.
The killer bee is almost dead.
* * * LOW HITPOINT WARNING * * *
You feel sick. The killer bee stings you!
You die...

Action                   |  1- 3 |  4- 6 || total
-------------------------+-------+-------++-------
Melee: Unarmed           |   137 |    56 ||   193
Invok: Sacrifice an Eye  |     1 |       ||     1
  Use: Potion            |       |     6 ||     6
 Stab: Sleeping          |       |     2 ||     2
  Eat: Chunk             |    17 |     2 ||    19

Notes
Turn   | Place    | Note
--------------------------------------------------------------
     0 | D:1      | hexophile the Troll Monk began the quest for the Orb.
     0 | D:1      | Reached XP level 1. HP: 22/22 MP: 0/0
   121 | D:1      | Reached XP level 2. HP: 5/29 MP: 1/1
   496 | D:1      | Reached skill level 5 in Unarmed Combat
   496 | D:1      | Reached XP level 3. HP: 34/36 MP: 2/2
   781 | D:2      | Found a white marble altar of Elyvilon.
  1021 | D:2      | Found a sparkling altar of Nemelex Xobeh.
  1022 | D:2      | Found an opulent altar of Gozag.
  1192 | D:3      | Found a sacrificial altar of Ru.
  1200 | D:3      | Became a worshipper of Ru the Awakened
  1204 | D:3      | Gained mutation: You are missing an eye, making it more difficult to aim. [Ru sacrifice]
  1204 | D:3      | Reached * piety under Ru
  1264 | D:3      | Reached XP level 4. HP: 18/44 MP: 3/3
  1268 | D:3      | Reached skill level 6 in Unarmed Combat
  1497 | D:3      | You fall through a shaft for 2 floors!
  1497 | D:5      | Entered Level 5 of the Dungeon
  1497 | D:5      | Found a runed door.
  1497 | D:5      | Found a runed door.
  1550 | D:5      | Reached XP level 5. HP: 25/50 MP: 4/4
  1566 | D:5      | Slain by a killer bee

Table legend:
 A = Turns spent in this place as a percentage of turns spent in the entire game.
 B = Non-inter-level travel turns spent in this place as a percentage of non-inter-level travel turns spent in the entire game.
 C = Inter-level travel turns spent in this place as a percentage of turns spent in this place.
 D = Turns resting spent in this place as a percentage of non-inter-level travel turns spent in this place.
 E = Turns spent auto-exploring this place as a percentage of non-inter-level travel turns spent in this place.
 F = Non-inter-level travel turns spent in this place divided by the number of levels of this place that you've seen.
                   A       B       C       D       E      F
               +-------+-------+-------+-------+-------+----------------------
         Total | 100.0 | 100.0 |   0.3 |   1.1 |   9.2 | 157.8
       Dungeon | 100.0 | 100.0 |   0.3 |   1.1 |   9.2 | 157.8
               +-------+-------+-------+-------+-------+----------------------

Table legend:
 A = Kills in this place as a percentage of kills in entire the game.
 B = Kills by you in this place as a percentage of kills by you in the entire game.
 C = Kills by friends in this place as a percentage of kills by friends in the entire game.
 D = Other kills in this place as a percentage of other kills in the entire game.
 E = Experience gained in this place as a percentage of experience gained in the entire game.
 F = Experience gained in this place divided by the number of levels of this place that you have seen.
                   A       B       C       D       E      F
               +-------+-------+-------+-------+-------+----------------------
         Total | 100.0 | 100.0 |  -nan |  -nan | 100.0 |  56.8
       Dungeon | 100.0 | 100.0 |  -nan |  -nan | 100.0 |  56.8
               +-------+-------+-------+-------+-------+----------------------

Vanquished Creatures
  A crimson imp (D:3)
  2 worker ants (D:5)
  A gnoll (D:1)
  7 orcs
  6 bats
  4 goblins
  6 hobgoblins
  A quokka (D:2)
  4 giant cockroaches
  4 giant geckos
  A giant newt (D:3)
  9 kobolds
  11 rats
57 creatures vanquished.

Vanquished Creatures (others)
  A giant newt (D:5)
1 creature vanquished.

Grand Total: 58 creatures vanquished
